 Dungeon Crawl Stone Soup version 0.20-a0-1023-gc4d110f (webtiles) character file.

557 Murumi the Covert (level 7, -1/61 HPs)
             Began as a Naga Enchanter on Apr 19, 2017.
             Was an Initiate of Cheibriados.
             Slain by an iguana (12 damage)
             ... on level 5 of the Dungeon.
             The game lasted 00:23:27 (4443 turns).

Murumi the Covert (Naga Enchanter)                  Turns: 4443, Time: 00:23:28

Health: -1/61      AC:  6    Str: 11    XL:     7   Next: 30%
Magic:  10/10      EV: 12    Int: 17    God:    Cheibriados [......]
Gold:   208        SH:  0    Dex: 14    Spells: 4/10 levels left

rFire    . . .     SeeInvis +   e - +2 dagger (elec)
rCold    . . .     Gourm    .   (no shield)
rNeg     . . .     Faith    .   b - +1 robe
rPois    +         Spirit   .   n - +0 helmet
rElec    .         Reflect  .   (no cloak)
rCorr    .         Harm     .   r - +0 pair of gloves
MR       .....                  (no barding)
Stlth    +++++.....             (no amulet)
Regen    0.2/turn               v - +2 ring of evasion
MPRegen  0.2/turn               (no ring)

@: drained, very slow
A: see invisible, deformed body, poison resistance, slowness 2, slow metabolism
1, spit poison 1, AC +2
a: Spit Poison, Bend Time, Renounce Religion


You were on level 5 of the Dungeon.
You worshipped Cheibriados.
Cheibriados was noncommittal.
You were not hungry.

You visited 2 branches of the dungeon, and saw 6 of its levels.

You collected 208 gold pieces.

Inventory:

Hand Weapons
 a - a +2 dagger
 e - a +2 dagger of electrocution (weapon)
Armour
 b - a +1 robe (worn)
 n - a +0 helmet (worn)
 r - a +0 pair of gloves (worn)
Jewellery
 v - a +2 ring of evasion (left hand)
Wands
 u - a wand of lightning (9/15)
Scrolls
 h - a scroll of teleportation {unknown}
 l - a scroll of magic mapping {unknown}
 o - a scroll of amnesia {unknown}
 p - a scroll of remove curse {unknown}
 q - a scroll of recharging
 s - a scroll of blinking
Potions
 i - a potion of brilliance
 j - a potion of heal wounds
 k - 3 potions of curing
 m - a potion of might
 t - a potion of flight {unknown}
 w - a potion of berserk rage {unknown}
Books
 c - a book of Maledictions

   Spells                             Type                      Level
   a - Corona                         Hexes                        1
   b - Ensorcelled Hibernation        Hexes/Ice                    2
   c - Confuse                        Hexes                        3
   d - Tukima's Dance                 Hexes                        3
   e - Dazzling Spray                 Conjuration/Hexes            3
Comestibles
 d - 4 bread rations
 f - 3 royal jellies
 g - 7 meat rations


   Skills:
 + Level 2.4(2.2) Fighting
 - Level 2.0(1.8) Short Blades
 - Level 2.0(1.9) Dodging
 - Level 11.0(10.9) Stealth
 - Level 2.0(1.8) Spellcasting
 - Level 3.0(2.8) Hexes


You had 4 spell levels left.
You knew the following spells:

 Your Spells              Type           Power        Failure   Level  Hunger
a - Corona                Hex            ##.....      6%          1    #......
b - Ensorcelled Hibernat  Hex/Ice        #.....       16%         2    ###....
c - Confuse               Hex            ##......     19%         3    ###....


Dungeon Overview and Level Annotations

Branches:
Dungeon (5/15)             Temple (1/1) D:4

Altars:
Ashenzari
Cheibriados
Dithmenos
Elyvilon
Hepliaklqana
Kikubaaqudgha
Makhleb
Okawaru
Qazlal
Ru
Trog
Uskayaw
Wu Jian
Xom
Yredelemnul
Zin
The Shining One

Annotations:
D:5 Ijyb


Innate Abilities, Weirdness & Mutations

You cannot wear boots.
Your serpentine skin is tough. (AC +2)
You have supernaturally acute eyesight. (SInv)
Armour fits poorly on your strangely shaped body.
Your system is resistant to poisons. (rPois)
You cover ground very slowly.
You have a slow metabolism.
You can spit poison.


Message History

Ijyb shouts!
You hear an angry hiss.
Ijyb zaps a wand.
The bolt of lightning hits you! x2
It is a wand of lightning (?/15).
An iguana comes into view.
Ijyb hits you but does no damage. The iguana bites you!
Ijyb zaps a wand.
The bolt of lightning misses you. The bolt of lightning hits you!
The bolt of lightning hits Ijyb.
You are too injured to fight recklessly!
You hit Ijyb but do no damage.
Ijyb is almost dead.
The iguana closely misses you. Ijyb hits you but does no damage.
You hit Ijyb.
Ijyb is almost dead.
The iguana bites you!
* * * LOW HITPOINT WARNING * * *
You barely miss Ijyb.
Ijyb is almost dead.
Ijyb screams, "No!
No, no, no, no!"
Ijyb barely misses you. The iguana bites you!
You die...

#..[..#####
#......<..#
##....###..#
#....# ....
#....# #..#
#....# ##
#....#####.
#.g........
##@l# #..##
##.## #..#
##.#####
##......## ##
##......(.# ##
##...........
##
##..[........#
#####


You could see Ijyb and an iguana.

Vanquished Creatures
  2 ogres (D:4)
  A hound (D:1)
  A gnoll shaman (D:5)
  2 orc wizards
  An iguana (D:4)
  The ghost of M4edhros the Ruffian, a weakling VSTm (D:3)
  Robin (D:2)
  3 gnolls
  6 adders
  3 oozes
  An adder skeleton (D:4)
  2 worms (D:2)
  A dart slug (D:3)
  2 leopard geckos
  18 orcs
  5 giant cockroaches
  14 goblins
  11 hobgoblins
  6 kobolds
  A quokka (D:5)
  4 ball pythons
  8 bats
  10 frilled lizards
  A leopard gecko skeleton (D:4)
  A quokka skeleton (D:5)
  6 rats
112 creatures vanquished.

Notes
Turn   | Place    | Note
-------+----------+-------------------------------------------
     0 | D:1      | Murumi the Naga Enchanter began the quest for the Orb.
     0 | D:1      | Reached XP level 1. HP: 15/15 MP: 3/3
   320 | D:1      | Reached XP level 2. HP: 22/22 MP: 5/5
   324 | D:1      | Learned a level 2 spell: Ensorcelled Hibernation
   531 | D:1      | Reached skill level 5 in Stealth
   874 | D:1      | Reached XP level 3. HP: 14/32 MP: 1/6
  1171 | D:2      | Reached XP level 4. HP: 39/39 MP: 7/7
  1305 | D:2      | Learned a level 3 spell: Confuse
  1404 | D:2      | Reached skill level 6 in Stealth
  1713 | D:2      | Noticed Robin
  1764 | D:2      | Killed Robin
  1764 | D:2      | Reached XP level 5. HP: 13/45 MP: 3/8
  1767 | D:2      | Reached skill level 7 in Stealth
  2247 | D:3      | Noticed M4edhros's ghost (weakling VSTm)
  2257 | D:3      | Killed M4edhros's ghost
  2483 | D:3      | Reached skill level 8 in Stealth
  2896 | D:3      | Reached XP level 6. HP: 51/52 MP: 4/9
  3302 | D:4      | Reached skill level 9 in Stealth
  3481 | D:4      | Found a staircase to the Ecumenical Temple.
  3488 | Temple   | Entered the Ecumenical Temple
  3607 | Temple   | Became a worshipper of Cheibriados the Contemplative
  3714 | D:4      | Reached skill level 10 in Stealth
  3716 | D:4      | Reached XP level 7. HP: 52/60 MP: 3/10
  3785 | D:4      | Found a glowing golden altar of the Shining One.
  3833 | D:5      | Entered Level 5 of the Dungeon
  4189 | D:4      | Reached skill level 11 in Stealth
  4439 | D:5      | Noticed Ijyb
  4443 | D:5      | Slain by an iguana

Vault maps used:
D:1:      sevenhm_arrival_forest_fort_large_1
D:2:      first_bread, uniq_robin
D:3:      glass_columns_c
D:4:      tso_altar, minmay_temple_entry_hall
D:5:      lemuel_ice_spiral_2, gammafunk_temple_overflow_wave, uniq_iyjb
Temple:   eino_temple_scatter_basement

Skill      XL: |  1  2  3  4  5  6  7 |
---------------+----------------------+-----
Dodging        | 2 |  2.0
Stealth        | 5 6 8 10 11 | 11.0
Fighting       | 2 |  2.4
Short Blades   | 2 |  2.0
Spellcasting   | |  2.0
Hexes          | |  3.0

Action                   |  1- 3 |  4- 6 |  7- 9 || total
-------------------------+-------+-------+-------++-------
Melee: Dagger            |    32 |   165 |    47 ||   244
 Cast: Ensorcelled Hiber |       |    10 |     2 ||    12
       Confuse           |       |     2 |       ||     2
 Abil: Spit Poison       |    12 |    18 |     2 ||    32
  Use: Scroll            |     4 |     5 |     1 ||    10
       Potion            |       |     2 |       ||     2
 Stab: Sleeping          |     5 |    16 |     1 ||    22
       Distracted        |     1 |     1 |     3 ||     5
  Eat: Chunk             |     1 |     8 |     3 ||    12
Armor: Robe              |     8 |    28 |    11 ||    47
Dodge: Dodged            |    20 |    65 |    33 ||   118
